 Dungeon Crawl Stone Soup version 0.25.1-2-g60ff931df9 (webtiles) character file.

Game seed: 5208194506342430334

115000 Exodus22XD the Severer (level 16, -4/152 HPs)
             Began as a Deep Dwarf Fighter on Oct 17, 2020.
             Was the Champion of Makhleb.
             Killed from afar by a Hell Sentinel (58 damage)
             ... with an iron shot
             ... summoned by a deep elf demonologist
             ... on level 3 of the Elven Halls.
             The game lasted 01:02:51 (20772 turns).

Exodus22XD the Severer (Deep Dwarf Fighter)        Turns: 20772, Time: 01:02:55

Health: -4/152     AC: 29    Str: 37    XL:     16   Next: 17%
Magic:  0/15       EV: 10    Int:  9    God:    Makhleb [******]
Gold:   1209       SH: 21    Dex: 12    Spells: 15/15 levels left

rFire    . . .     SeeInvis .   O - +2 war axe (elec)
rCold    . . .     Gourm    .   c - +0 kite shield
rNeg     + . .     Faith    .   U - +9 ring mail of Pride {Str+4}
rPois    .         Spirit   .   P - +2 hat
rElec    .         Reflect  +   s - +0 cloak
rCorr    .         Harm     .   V - +1 pair of gloves
MR       ++...                  p - +1 pair of boots
Stlth    +.........             h - amulet of reflection
HPRegen  0.00/turn              t - +4 ring of protection
MPRegen  0.14/turn              a - ring of Dishonesty {Str+6 Slay+5}

@: non-regenerating, lightly drained
A: damage resistance, heal wounds, negative energy resistance 1, sense
surroundings 2, no regeneration
a: Heal Wounds, Minor Destruction, Lesser Servant of Makhleb, Major Destruction,
Greater Servant of Makhleb, Renounce Religion


You were on level 3 of the Elven Halls.
You worshipped Makhleb.
Makhleb was exalted by your worship.
You were hungry.

You visited 6 branches of the dungeon, and saw 24 of its levels.
You visited 1 bazaar.
You also visited: Ossuary.

You collected 2333 gold pieces.
You spent 1124 gold pieces at shops.

Inventory:

Hand Weapons
 O - a +2 war axe of electrocution (weapon)
 Z - a +3 morningstar of protection
Armour
 c - a +0 kite shield (worn)
 p - a +1 pair of boots (worn)
 s - a +0 cloak (worn)
 P - a +2 hat (worn)
 U - the +9 ring mail of Pride (worn) {Str+4}
   (You found it on level 1 of the Lair of Beasts)

   It affects your strength (+4).
 V - a +1 pair of gloves (worn)
Jewellery
 a - the ring of Dishonesty (right hand) {Str+6 Slay+5}
   (You bought it in a shop on level 2 of the Orcish Mines)

   [ring of strength]

   It affects your strength (+6).
   It affects your accuracy and damage with ranged weapons and melee attacks
   (+5).
 h - an amulet of reflection (around neck)
 o - an uncursed ring of fire
 t - a +4 ring of protection (left hand)
 B - the amulet of Polodduh {Regen+ Str+3 SInv, unknown}
   (You found it on level 1 of the Elven Halls)

   [amulet of regeneration]

   It affects your strength (+3).
   It lets you see invisible.
   It increases your rate of regeneration.
 J - an uncursed ring of protection from magic
 T - a +4 ring of evasion
Wands
 g - a wand of iceblast (20)
 r - a wand of disintegration (11)
 y - a wand of polymorph (17)
 K - a wand of paralysis (9)
 M - a wand of random effects (46)
 N - a wand of clouds (8)
 R - a wand of enslavement (9)
 W - a wand of flame (29)
 X - a wand of digging (3)
 Y - a wand of acid (11)
Scrolls
 b - a scroll of fog
 e - 9 scrolls of teleportation
 k - 5 scrolls of remove curse
 l - 2 scrolls of enchant armour
 u - 5 scrolls of magic mapping
 z - 6 scrolls of blinking
 D - 3 scrolls of enchant weapon
 F - 3 scrolls of immolation
 H - a scroll of summoning
 L - 5 scrolls of fear
 S - 4 scrolls of vulnerability
Potions
 d - 5 potions of might
 i - 13 potions of curing
 m - 4 potions of berserk rage
 n - 2 potions of ambrosia {unknown}
 q - 4 potions of lignification
 w - 4 potions of brilliance {unknown}
 x - 3 potions of mutation {unknown}
 A - 2 potions of resistance {unknown}
 C - 5 potions of flight {unknown}
 E - 6 potions of heal wounds {unknown}
 I - 2 potions of invisibility {unknown}
 Q - 4 potions of haste {unknown}
Miscellaneous
 j - 2 boxes of beasts
 G - a phantom mirror
Comestibles
 f - 51 rations
 v - 8 chunks of flesh


   Skills:
 + Level 11.7(11.6) Fighting
 + Level 17.1 Axes
 - Level 1.4(10.7) Maces & Flails
 * Level 11.2 Armour
 + Level 15.9(15.8) Shields
 - Level 11.4(11.3) Invocations
 - Level 10.2(10.1) Evocations


You had 15 spell levels left.
You didn't know any spells.
Your spell library contained the following spells:

 Spells                   Type           Power        Failure   Level  Hunger
 Animate Skeleton         Necr           N/A          45%         1    ##.....
 Apportation              Tloc           #.....       45%         1    ##.....
 Corona                   Hex            #......      45%         1    ##.....
 Pain                     Necr           #...         45%         1    ##.....
 Summon Small Mammal      Summ           #...         45%         1    ##.....
 Corpse Rot               Necr/Air       N/A          58%         2    ###....
 Passwall                 Tmut/Erth      #.......     58%         2    ###....
 Poisonous Vapours        Pois/Air       #.....       58%         2    ###....
 Sublimation of Blood     Necr           #.........   58%         2    ###....
 Swiftness                Chrm/Air       #.......     58%         2    ###....
 Confusing Touch          Hex            #.......     83%         3    ####...
 Conjure Flame            Conj/Fire      #.......     83%         3    ####...
 Gell's Gravitas          Tloc           #.........   83%         3    ####...
 Mephitic Cloud           Conj/Pois/Air  #.......     83%         3    ####...
 Vampiric Draining        Necr           #.........   83%         3    ####...
 Animate Dead             Necr           N/A          99%         4    #####..
 Dispel Undead            Necr           #.......     99%         4    #####..
 Passage of Golubria      Tloc           N/A          99%         4    #####..
 Petrify                  Tmut/Erth      #.......     99%         4    #####..
 Agony                    Necr           #.......     100%        5    ######.
 Excruciating Wounds      Chrm/Necr      #.........   100%        5    ######.
 Lee's Rapid Deconstruct  Erth           #.........   100%        5    ######.
 Metabolic Englaciation   Hex/Ice        #.........   100%        5    ######.
 Yara's Violent Unravell  Hex/Tmut       #.........   100%        5    ######.
 Darkness                 Hex            #.........   100%        6    #######
 Freezing Cloud           Conj/Ice/Air   #.........   100%        6    #######
 Invisibility             Hex            #.......     100%        6    #######
 Ring of Flames           Chrm/Fire      #.........   100%        7    #######


Dungeon Overview and Level Annotations

Branches:
Dungeon (11/15)            Temple (1/1) D:6            Lair (6/6) D:8
  Swamp (1/4) Lair:2       Spider (0/4) Lair:2        Slime (0/5) Lair:6
    Orc (2/2) D:10            Elf (3/3) Orc:2       Ossuary (visited)

Altars:
Ashenzari
Cheibriados
Dithmenos
Elyvilon
Fedhas
Gozag
Hepliaklqana
Kikubaaqudgha
Makhleb
Nemelex Xobeh
Okawaru
Qazlal
Ru
Sif Muna
Trog
Uskayaw
Vehumet
Wu Jian
Xom
Yredelemnul
Zin
The Shining One
Beogh
Jiyva

Shops:
D:8 [   Orc:2 !:!=   Elf:3 =

Portals:
Abyss: D:3

Annotations:
D:8 2 transporters, Jacksmitt123's ghost, novice MiFi
Elf:2 3 runed translucent doors


Innate Abilities, Weirdness & Mutations

You are resistant to damage.
You can heal yourself by infusing magical energy.
You resist negative energy. (rN+)
You passively map the area around you.
You do not regenerate.


Message History

A deep elf elementalist comes into view.
It is wielding a +0 long sword.
The deep elf annihilator casts a spell at you.
The bolt of lightning hits you!!
The bolt of lightning hits something!
The deep elf demonologist hits you but does no damage.
The chaos spawn hits you but does no damage.
A deep elf death mage comes into view. It is wielding a +0 rapier.
The deep elf death mage shouts!
The deep elf elementalist shouts!
You slice the deep elf annihilator!!
The deep elf annihilator is heavily wounded.
You hit the Hell Sentinel but do no damage.
You barely miss the deep elf demonologist.
You miss something. You hit the chaos spawn.
Lightning courses through the chaos spawn!
You kill the chaos spawn!
The chaos spawn degenerates into a cloud of primal chaos!
You slice the Brimstone Fiend!!
Lightning courses through the Brimstone Fiend!
The Hell Sentinel gestures at you. The iron shot hits you!!!
You die...

#...........#.......#
##.........##....####
##......[.##.....#
#####....(..(.....####
##...##..(##.(........#
##.....##.#####........#
####* ##.......)..#
##.#.##..#
*.....##......ยง1.#.#
#.#..#... #.........{@e#.#
#.#...#.# *, ####......e1.#.#
#.#...#.# , ##....e.....#
#.......# ,.,* ##.....#.###
###...### #.######...##.###
#...# ,*#........####.#.####
#...# #....e..e#
#..#...####...### ,
.....e.<.####.###........)...
##........##.## ##...........


You could see a Hell Sentinel (summoned), a Brimstone Fiend (summoned), 2 deep
elf annihilators, a deep elf death mage, a deep elf elementalist (repels
missiles) and 2 deep elf demonologists.

Vanquished Creatures
  Asterion (Elf:1)
  A deep elf sorcerer (Elf:2)
  An orc warlord (Orc:2)
  A deep elf elementalist (Elf:2)
  2 deep elf demonologists
  4 dire elephants (Lair:6)
  2 deep elf annihilators (Elf:3)
  A deep elf death mage (Elf:3)
  2 ettins
  Josephine (Orc:1)
  Harold (D:8)
  A deep elf high priest (Elf:1)
  A catoblepas (Lair:5)
  5 hydras
  Erolcha (D:10)
  An anaconda (Lair:6)
  10 dancing weapons
  2 alligators (Swamp:1)
  16 two-headed ogres (Orc:2)
  4 ogre magi (Orc:2)
  3 orc high priests
  7 deep elf knights
  An unseen horror (D:10)
  12 deep elf archers
  A swamp dragon (Swamp:1)
  A lindwurm (shapeshifter) (Elf:2)
  Pikel (D:5)
  An orc knight (Orc:2)
  2 orc sorcerers
  44 deep elf magi
  A cyclops (Orc:1)
  An ugly thing (D:11)
  8 elephants
  4 black mambas
  A torpor snail (Lair:6)
  Maggie (D:6)
  12 spiny frogs
  4 rime drakes
  11 komodo dragons
  3 trolls
  3 jumping spiders (Lair:2)
  A tyrant leech (Swamp:1)
  Prince Ribbit (D:6)
  16 blink frogs
  3 bog bodies (Swamp:1)
  5 slime creatures (Swamp:1)
  7 hippogriffs
  5 wraiths (Orc:1)
  3 redbacks (Lair:2)
  4 air elementals
  5 spriggans (Lair:2)
  A water elemental (Elf:1)
  6 wyverns
  24 yaks
  A basilisk (Lair:3)
  A fire elemental (Elf:2)
  A hungry ghost (D:11)
  5 wargs
  3 swamp worms (Swamp:1)
  The ghost of DearestLeader the Digger, an amateur GrEE (D:3)
  15 water moccasins
  A swamp drake (Swamp:1)
  6 porcupines
  2 sky beasts
  3 black bears
  21 orc warriors
  An eye of draining (D:9)
  A necrophage (D:10)
  A phantom (D:4)
  3 ice beasts
  A small abomination (D:3)
  5 crocodiles
  36 ogres
  6 centaurs
  3 big kobolds
  3 earth elementals
  Blork the orc (D:6)
  13 bullfrogs
  A scorpion (D:4)
  A water moccasin skeleton (D:8)
  14 killer bees
  An electric eel (Lair:6)
  3 howler monkeys (D:10)
  9 wights
  3 crimson imps
  2 quasits
  2 bullfrog zombies
  Crazy Yiuf (D:3)
  4 centaur zombies (Ossuary)
  6 hounds
  2 jellies (D:7)
  2 centaur skeletons
  29 orc priests
  19 orc wizards
  3 iguanas
  11 worker ants
  A big kobold zombie (Ossuary)
  Robin (D:2)
  2 hound skeletons (D:7)
  3 mummies (Ossuary)
  5 gnolls
  16 adders
  A shadow imp (D:9)
  A white imp (D:3)
  2 adder skeletons
  An adder zombie (D:5)
  3 worms
  A dart slug (D:1)
  3 leopard geckos
  78 orcs
  A ball python (D:2)
  5 giant cockroaches
  13 goblins
  9 hobgoblins
  9 jackals
  2 quokkas (D:2)
  7 bats
  A frilled lizard (D:3)
  2 gnoll zombies (D:8)
  A goblin zombie (Ossuary)
  A hobgoblin zombie (Ossuary)
  22 kobolds
  An orc zombie (Ossuary)
  5 rats
  5 fungi
  2 plants
712 creatures vanquished.

Vanquished Creatures (others)
  A hound (D:5)
  An orc wizard (D:5)
  2 gnolls (D:5)
  2 orcs (D:5)
  A bush (Lair:6)
  3 fungi (Lair:6)
  3 plants (Lair:6)
13 creatures vanquished.

Grand Total: 725 creatures vanquished

Notes
Turn   | Place    | Note
-------+----------+-------------------------------------------
     0 | D:1      | Exodus22XD the Deep Dwarf Fighter began the quest for the
                  | Orb.
     0 | D:1      | Reached XP level 1. HP: 20/20 MP: 1/1
    79 | D:1      | Reached XP level 2. HP: 24/27 MP: 2/2
   273 | D:1      | Reached skill level 3 in Axes
   397 | D:1      | Reached XP level 3. HP: 34/34 MP: 3/3
   432 | D:2      | Identified the +1 helmet "Bafaff" {-Tele rCorr Int+3
                  | Stlth+}
   432 | D:2      | Noticed Robin
   439 | D:2      | Killed Robin
   522 | D:2      | Reached XP level 4. HP: 37/42 MP: 4/4
   713 | D:2      | Found an iron altar of Okawaru.
  1280 | D:3      | Found a transporter.
  1312 | D:3      | Found a transporter.
  1330 | D:3      | Noticed a small abomination
  1343 | D:3      | Reached skill level 4 in Axes
  1343 | D:3      | Reached XP level 5. HP: 37/49 MP: 5/5
  1369 | D:3      | Found an iron altar of Okawaru.
  1685 | D:3      | Found an opulent altar of Gozag.
  1767 | D:3      | Found a runed translucent door.
  1768 | D:3      | Noticed Crazy Yiuf
  1778 | D:3      | Killed Crazy Yiuf
  1812 | D:3      | You fall into a shaft and drop 1 floor!
  1827 | D:3      | Found a white marble altar of Elyvilon.
  1827 | D:3      | Found an ancient bone altar of Kikubaaqudgha.
  1828 | D:3      | Found a stormy altar of Qazlal.
  1830 | D:3      | Found a radiant altar of Vehumet.
  1832 | D:3      | Found a glowing golden altar of the Shining One.
  1872 | D:3      | Noticed an ancient zyme
  1873 | D:3      | Identified the +4 whip of Pride {distort, Int+6}
  1878 | D:3      | Noticed DearestLeader's ghost (amateur GrEE)
  1898 | D:3      | Killed DearestLeader's ghost
  1898 | D:3      | Reached skill level 5 in Axes
  1898 | D:3      | Reached skill level 5 in Shields
  1898 | D:3      | Reached XP level 6. HP: 47/56 MP: 6/6
  1923 | D:3      | Found a one-way gate to the infinite horrors of the Abyss.
  2278 | D:4      | Reached XP level 7. HP: 62/62 MP: 7/7
  2316 | D:4      | Reached skill level 1 in Evocations
  2405 | D:4      | Reached skill level 6 in Axes
  2802 | D:4      | Found a hide-covered altar of Uskayaw.
  2992 | D:5      | Entered Level 5 of the Dungeon
  3011 | D:5      | Noticed Pikel
  3038 | D:5      | Killed Pikel
  3038 | D:5      | Reached skill level 7 in Axes
  3038 | D:5      | Reached skill level 5 in Armour
  3038 | D:5      | Reached XP level 8. HP: 30/72 MP: 8/10
  3425 | D:5      | Found a sand-covered staircase.
  3429 | Ossuary  | Entered an ossuary
  3940 | D:6      | Noticed Blork the orc
  3940 | D:6      | Noticed Maggie
  4028 | D:6      | Killed Maggie
  4028 | D:6      | Reached skill level 8 in Axes
  4028 | D:6      | Reached skill level 5 in Evocations
  4028 | D:6      | Gained mutation: You passively map the area around you.
                  | [Deep Dwarf growth]
  4028 | D:6      | Reached XP level 9. HP: 24/79 MP: 12/12
  4113 | D:6      | Killed Blork the orc
  4226 | D:6      | Noticed Prince Ribbit
  4256 | D:6      | Killed Prince Ribbit
  4458 | D:6      | Found a staircase to the Ecumenical Temple.
  4465 | Temple   | Entered the Ecumenical Temple
  4622 | D:6      | Reached skill level 9 in Axes
  4958 | D:6      | Found a burning altar of Makhleb.
  5269 | D:6      | Became a worshipper of Makhleb the Destroyer
  5503 | D:7      | Reached skill level 5 in Fighting
  5763 | D:8      | Noticed a queen bee
  5810 | D:8      | Found a snail-covered altar of Cheibriados.
  5850 | D:8      | Reached * piety under Makhleb
  5907 | D:8      | Found a shadowy altar of Dithmenos.
  6028 | D:8      | Found a basalt altar of Yredelemnul.
  6198 | D:8      | Reached XP level 10. HP: 36/88 MP: 15/15
  6202 | D:8      | Found a staircase to the Lair.
  6216 | D:8      | Reached skill level 10 in Axes
  6335 | D:8      | Found a shimmering altar of Xom.
  6376 | D:8      | Found a transporter.
  6378 | D:8      | Found a transporter.
  6386 | D:8      | Noticed Jacksmitt123's ghost (novice MiFi)
  6568 | D:8      | Found Ximergh's Armour Shoppe.
  6746 | D:8      | Noticed Harold
  6770 | D:8      | Killed Harold
  6921 | D:9      | Reached skill level 11 in Axes
  7009 | D:9      | Reached ** piety under Makhleb
  7543 | D:10     | Entered Level 10 of the Dungeon
  7543 | D:10     | Found a staircase to the Orcish Mines.
  7587 | D:10     | Reached XP level 11. HP: 43/97 MP: 15/15
  7842 | D:10     | Killed an unseen horror
  7867 | D:10     | Reached skill level 10 in Shields
  7888 | D:10     | Noticed Erolcha
  7944 | D:10     | Killed Erolcha
  7944 | D:10     | Reached skill level 1 in Invocations
  8170 | D:10     | Reached *** piety under Makhleb
  8627 | D:11     | Noticed a white ugly thing
  8646 | D:11     | Killed a white ugly thing
  8847 | Lair:1   | Entered Level 1 of the Lair of Beasts
  8878 | Lair:1   | Reached skill level 12 in Axes
  8884 | Lair:1   | Noticed a five-headed hydra
  8890 | Lair:1   | Killed a five-headed hydra
  8925 | Lair:1   | Got a masterwork ring mail
  8936 | Lair:1   | Identified the +9 ring mail of Pride {Str+4} (You found it
                  | on level 1 of the Lair of Beasts)
  9067 | Lair:1   | Reached skill level 1 in Maces & Flails
  9194 | Lair:1   | Reached skill level 5 in Invocations
  9252 | Lair:1   | Reached **** piety under Makhleb
  9255 | Lair:1   | Reached XP level 12. HP: 102/106 MP: 13/13
  9717 | Lair:2   | Found a staircase to the Swamp.
  9945 | Lair:2   | Found a hole to the Spider Nest.
 10164 | Lair:2   | Reached skill level 13 in Axes
 10867 | Lair:3   | Reached ***** piety under Makhleb
 11979 | Lair:4   | Noticed a seven-headed hydra
 11995 | Lair:4   | Killed a seven-headed hydra
 12258 | Lair:4   | Noticed an eight-headed hydra
 12266 | Lair:4   | Killed a nine-headed hydra
 12515 | Lair:4   | Reached XP level 13. HP: 66/117 MP: 14/14
 12853 | Lair:5   | Reached skill level 14 in Axes
 12875 | Lair:5   | Found a burning altar of Makhleb.
 14058 | Lair:6   | Entered Level 6 of the Lair of Beasts
 14120 | Lair:6   | Found a staircase to the Slime Pits.
 14124 | Lair:6   | Found a viscous altar of Jiyva.
 15087 | Lair:6   | Noticed a dire elephant
 15087 | Lair:6   | Noticed a dire elephant
 15118 | Lair:6   | Killed a dire elephant
 15118 | Lair:6   | Reached skill level 10 in Invocations
 15121 | Lair:6   | Killed a dire elephant
 15166 | Lair:6   | Noticed a dire elephant
 15168 | Lair:6   | Noticed a dire elephant
 15197 | Lair:6   | Killed a dire elephant
 15201 | Lair:6   | Killed a dire elephant
 15201 | Lair:6   | Reached skill level 15 in Axes
 15464 | Swamp:1  | Entered Level 1 of the Swamp
 15802 | Swamp:1  | Gained mutation: You resist negative energy. (rN+) [Deep
                  | Dwarf growth]
 15802 | Swamp:1  | Reached XP level 14. HP: 103/127 MP: 15/15
 16625 | Orc:1    | Entered Level 1 of the Orcish Mines
 16744 | Orc:1    | Noticed Josephine
 16752 | Orc:1    | Killed Josephine
 16760 | Orc:1    | Reached ****** piety under Makhleb
 17378 | Orc:1    | Found a roughly hewn altar of Beogh.
 17438 | Orc:2    | Entered Level 2 of the Orcish Mines
 17553 | Orc:2    | Reached skill level 16 in Axes
 17596 | Orc:2    | Reached skill level 10 in Fighting
 17597 | Orc:2    | Found Vabocoza's Distillery.
 17597 | Orc:2    | Found Neoh's Book Boutique.
 17598 | Orc:2    | Found Jiduc's Distillery.
 17598 | Orc:2    | Found Poth's Jewellery Emporium.
 17689 | Orc:2    | Found a staircase to the Elven Halls.
 17949 | Orc:2    | Reached skill level 10 in Evocations
 17949 | Orc:2    | Noticed an orc warlord
 17962 | Orc:2    | Reached XP level 15. HP: 114/138 MP: 16/16
 17975 | Orc:2    | Killed an orc warlord
 18415 | Orc:2    | Bought the ring of Dishonesty {Str+6 Slay+5} for 1124 gold
                  | pieces
 18537 | Elf:1    | Entered Level 1 of the Elven Halls
 18670 | Elf:1    | Noticed Asterion
 18700 | Elf:1    | Killed Asterion
 18751 | Elf:1    | Found a gateway to a bazaar.
 18761 | Bazaar   | Entered a bazaar
 18766 | Bazaar   | Found Voffut's Food Emporium.
 18772 | Bazaar   | Found Himiona's Weapon Emporium.
 18779 | Bazaar   | Found Ocsuff's Gadget Shop.
 18788 | Bazaar   | Found Ronaev's Jewellery Boutique.
 18793 | Bazaar   | Found Tiptat's Food Shop.
 18866 | Elf:1    | Reached skill level 10 in Armour
 18937 | Elf:1    | Found an ancient bone altar of Kikubaaqudgha.
 19181 | Elf:1    | Got a vibrating crystal amulet
 19235 | Elf:1    | Reached skill level 15 in Shields
 19510 | Elf:2    | Noticed a deep elf sorcerer
 19511 | Elf:2    | Identified the +6 short sword of Anlaopnah {vorpal, rF+}
 19512 | Elf:2    | Found a radiant altar of Vehumet.
 19535 | Elf:2    | Killed a deep elf sorcerer
 19837 | Elf:2    | Found a runed translucent gate.
 19837 | Elf:2    | Found a runed translucent gate.
 19837 | Elf:2    | Found a runed translucent gate.
 20005 | Elf:2    | Reached skill level 17 in Axes
 20199 | Elf:3    | Entered Level 3 of the Elven Halls
 20303 | Elf:3    | Reached XP level 16. HP: 92/151 MP: 15/15
 20542 | Elf:3    | Found Pozuzug's Jewellery Boutique.
 20766 | Elf:3    | Noticed a Hell Sentinel
 20770 | Elf:3    | Noticed a Brimstone Fiend
 20772 | Elf:3    | Killed from afar by a Hell Sentinel

Illustrated notes

Levels and vault maps discovered:
D:1:      minmay_arrival_semitransparent, layout_basic, serial_bayou_pond_b,
          minmay_tree_intersection
D:2:      layout_loops_ring, first_ration, okawaru_metal_pillars_3, uniq_robin
D:3:      layout_basic, minitemple, old_standard_altar,
          gammafunk_ghost_abyssal_escape, uniq_crazy_yiuf_cottage
D:4:      layout_gridville, kennysheep_mini
D:5:      layout_loops_cross, enter_ossuary_5, chequers_hall_statues_corner_a,
          uniq_pikel
D:6:      layout_cave_pods, nicolae_overflow_hidden_temple, temple_statues,
          minmay_misc_feat_hallway, uniq_blork_the_orc, uniq_prince_ribbit1,
          uniq_maggie
D:7:      layout_rooms
D:8:      minmay_general_purpose_star, layout_loops_corners, lemuel_round_altar,
          grunt_dithmenos_smoke_and_mirrors, lemuel_zombie_altar_yredelemnul,
          old_standard_altar, serial_shops, shop_fountains,
          gammafunk_ghost_hive, uniq_harold
D:9:      layout_small_grid
D:10:     layout_stronghold, david_orc_3, uniq_erolcha
D:11:     layout_rooms
Temple:   nicolae_temple_figure_zero
Lair:1:   layout_regular_city, grunt_forest_small_clearings
Lair:2:   kb_forest_paths, layout_regular_city, swamp_mist,
          nicolae_spider_entry_tight_spaces, uniq_urug
Lair:3:   layout_loops_ring, lemuel_fruit_tree, grunt_megastairs_5
Lair:4:   layout_layer_cave, small_statue_intersection, st_stairs_12
Lair:5:   layout_layer_cave, basic_altar, grunt_forest_large_clearing_hut,
          serial_bayou_shore_b
Lair:6:   due_jungle_book, layout_loops_ring, slime_altar_1, ldierk_geyser,
          grunt_megastairs_1, serial_bayou_shore_a
Swamp:1:  layout_basic_swamp, evilmike_swamp_ruin_rubble_2, hangedman_swamp_cone
Orc:1:    layout_caves, david_defended_altar_orc, uniq_josephine
Orc:2:    st_orc_ogre_mass, layout_diamond_mine, elf_legates
Elf:1:    eino_elf_arrival_sip, layout_loops_cross, serial_shops,
          bzr_entry_water, basic_altar, hangedman_elf_represent, uniq_asterion
Elf:2:    layout_geoelf_octagon, basic_altar, uniq_aizul, uniq_louise
Elf:3:    minmay_elf_hall_x, layout_loops_cross, serial_shops,
          nicolae_shop_behind_doors

Skill      XL: |  1  2  3  4  5  6  7  8  9 10 11 12 13 14 15 |
---------------+----------------------------------------------+-----
Fighting       | 3 4 5 6 7 8 10 11 | 11.7
Axes           | 3 4 5 7 8 9 11 12 13 15 16 17 | 17.1
Shields        | 4 5 6 7 8 9 11 12 13 14 15 | 15.9
Armour         | 4 5 6 7 8 9 11 | 11.2
Evocations     | 3 5 7 8 9 10 | 10.2
Invocations    | 5 8 10 11 | 11.4
Maces & Flails | 1 |  1.4

Action                   |  1- 3 |  4- 6 |  7- 9 | 10-12 | 13-15 | 16-18 || total
-------------------------+-------+-------+-------+-------+-------+-------++-------
Melee: War axe           |   106 |   166 |   467 |   839 |  1032 |    51 ||  2661
       Morningstar       |       |       |       |    18 |    30 |       ||    48
 Abil: Heal Wounds       |     1 |     4 |     7 |    14 |    12 |     1 ||    39
Evoke: Wand              |       |       |       |       |     2 |       ||     2
  Use: Scroll            |       |       |    12 |     6 |     6 |       ||    24
       Potion            |       |       |     1 |       |     1 |       ||     2
  Eat: Chunk             |       |     5 |    12 |    24 |    23 |     1 ||    65
       Ration            |       |       |       |       |     1 |       ||     1
Armor: Scale mail        |    47 |    54 |   213 |   284 |       |       ||   598
       Ring mail         |       |       |       |   173 |   363 |     9 ||   545
Dodge: Dodged            |    39 |    37 |   131 |   217 |   245 |     9 ||   678
Block: Kite shield       |   100 |   155 |   443 |   852 |   837 |    35 ||  2422
       Reflection        |     4 |     4 |     8 |    18 |    33 |    14 ||    81
